 Dungeon Crawl Stone Soup version 0.31-a0-455-g1a7b003ef0 (webtiles) character file.

Game seed: 6029766307639829337

2 ytrimaz the Ruffian (level 1, 18/18 HPs)
             Began as a Troll Shapeshifter on Aug 3, 2023.
             Quit the game on level 1 of the Dungeon.
             The game lasted 00:00:31 (35 turns).

ytrimaz the Ruffian (Troll Shapeshifter)              Turns: 35, Time: 00:00:32

Health: 18/18      AC:  4    Str: 22    XL:     1   Next: 25%
Magic:  0/0        EV:  9    Int:  4    God:
Gold:   0          SH:  0    Dex: 10    Spells: 0/0 levels left

rFire   . .          .
                       - Unarmed
rCold   . . .        (no shield)
rNeg    . . .        a - +0 animal skin
rPois   .            (helmet currently unavailable)
rElec   .            (cloak currently unavailable)
rCorr   .            (gloves unavailable)
SInv    .            (boots unavailable)
Will    .....        (no amulet)
Stlth   +            (no ring)
HPRegen 1.03/turn    (no ring)
MPRegen 0.07/turn

%: no passive effects
@: beast-form
A: beast (slay +2), large, unfitting armour, claws 3, regeneration 1, shaggy fur
1, tough skin 1
a: Begin Untransformation


You were on level 1 of the Dungeon.
You were a hulking beast.
You visited 1 branch of the dungeon, and saw 1 of its levels.


Innate Abilities, Weirdness & Mutations

You are a hulking beast.
Your limbs bulge with bestial killing power. (Slay +2)
You are too large for most types of armour.
You have claws for hands.
Your natural rate of healing is unusually fast.
You are covered in fur. (AC +1)
You have tough skin. (AC +1)


   Skills:
 - Level 0.7 Fighting
 - Level 1.5 Dodging
 + Level 3.0 Unarmed Combat
 + Level 3.0 Shapeshifting


You couldn't memorise any spells.
You didn't know any spells.
Your spell library was empty.

Inventory:

Armour
 a - a +0 animal skin (worn)
Talismans
 c - a beast talisman (active)
Potions
 b - a potion of lignification

Dungeon Overview and Level Annotations

Branches:
Dungeon (1/15) Zot: 5965

Altars:

.#.# ...# ###..#
##..).# ## #.
#.....# . . ..
##.....#.# ..
#.##.....##.#.###
..#.............
##.#...#.h..####
#..#..##........K
#.#...#####.#####
#.#..## ...
#....# .##
##(.#### ..
##.##.# ..
#..#..# ##>
#.....#


You could see a kobold (asleep).


Message History

🤖 Initializing magus.rc ...
Options error: Delay interrupt name "hungry" not recognised. (~/.crawlrc:4375) Bad monster_list_colour key: strict_neutral Options error: Unknown color in colour mapping: 'purle:scroll.*immolation' Bad channel name 'pray' for runrest: 'pray:' Options error: Missing colour in message_colour setting: 'that.*feels deathly cold' Options error: Missing colour in message_colour setting: 'and you must be Full or above to equip it' Options error: Missing colour in message_colour setting: 'but rights himself reflexively soon after' Options error: Missing colour in message_colour setting: 'before it is too late' ✅ Successfully initialized magus.rc [v1.9.6] Welcome, ytrimaz the Troll Shapeshifter.
If you return without finding the Orb of Zot, so far below, it's all over!
Press ? for a list of commands and other information.
Found 6 stones.
Found a staircase leading out of the dungeon.
You begin untransforming.
You continue untransforming. x3
Your transformation has ended.
You begin transforming.
You continue transforming. x3
You turn into a hulking beast.
A goblin and an endoplasm come into view.
There are monsters nearby!
There are monsters nearby!
There are monsters nearby!
There are monsters nearby!
There are monsters nearby!
The goblin shouts!
The goblin hits you but does no damage.
You claw the goblin!
You kill the goblin!
No target in view!
No target in view!
No target in view!
No target in view!
No target in view!
No target in view!
No target in view!
No target in view!
No target in view!
An endoplasm is nearby!
An endoplasm is nearby!
The endoplasm hits you but does no damage.
You claw the endoplasm!
You kill the endoplasm!
No target in view!
No target in view!
No target in view!
No target in view!
No target in view!
A kobold comes into view. It is wielding a +0 dagger.
Found a stone staircase leading down.
A kobold is nearby!
A kobold is nearby!
A kobold is nearby!
Are you sure you want to abandon this character and quit the game? (Confirm with "yes".)

Action                     || total
---------------------------++-------
  Melee: Unarmed           ||     2
 Armour: Animal skin       ||     2
         Form:             ||     1
         Beast             ||     1

Levels and vault maps discovered:
D:1:      dpeg_arrival_arbitrary_a, layout_basic

Notes
Turn   | Place    | Note
-------+----------+-------------------------------------------
     0 | D:1      | ytrimaz the Troll Shapeshifter began the quest for the Orb.
     0 | D:1      | Reached XP level 1. HP: 18/18 MP: 0/0
     0 | D:1      | magus.rc [v1.9.6]
    35 | D:1      | Quit the game

Vanquished Creatures
  An endoplasm (D:1)
  A goblin (D:1)
2 creatures vanquished.

Table legend:
 A = Non-vault XP
 B = Vault XP
 C = Vault XP percentage of total XP
 D = Non-vault monster count
 E = Vault monster count
 F = Vault count percentage of total count
                 A         B        C        D         E       F
            +---------+---------+-------+---------+---------+-------
      Total |       3 |       0 |   0.0 |       2 |       0 |   0.0
            +---------+---------+-------+---------+---------+-------
        D:1 |       3 |       0 |   0.0 |       2 |       0 |   0.0
            +---------+---------+-------+---------+---------+-------

Action                     || total
---------------------------++-------
  Melee: Unarmed           ||     2
 Armour: Animal skin       ||     2
         Form:             ||     1
         Beast             ||     1

Illustrated notes

Table legend:
 A = Kills in this place as a percentage of kills in the entire game.
 B = Kills by you in this place as a percentage of kills by you in the entire game.
 C = Kills by friends in this place as a percentage of kills by friends in the entire game.
 D = Other kills in this place as a percentage of other kills in the entire game.
 E = Experience gained in this place as a percentage of experience gained in the entire game.
 F = Experience gained in this place divided by the number of levels of this place that you have seen.
                   A       B       C       D       E      F
               +-------+-------+-------+-------+-------+----------------------
         Total | 100.0 | 100.0 |   N/A |   N/A | 100.0 |   3.0
       Dungeon | 100.0 | 100.0 |   N/A |   N/A | 100.0 |   3.0
               +-------+-------+-------+-------+-------+----------------------

Table legend: (Time is in decaauts)
 A = Elapsed time spent in this place.
 B = Non-inter-level travel time spent in this place.
 C = Inter-level travel time spent in this place.
 D = Time resting spent in this place.
 E = Time spent auto-exploring this place.
 F = Levels seen in this place.
 G = Mean time per level.
                   A        B        C        D        E       F      G
               +--------+--------+--------+--------+--------+-----+--------+
         Total |     34 |     34 |      0 |      0 |     16 |   1 |   34.0 |
       Dungeon |     34 |     34 |      0 |      0 |     16 |   1 |   34.0 |
               +--------+--------+--------+--------+--------+-----+--------+

Top non-repeatable levels by time:
     D:1: 34 daAuts
